 Dungeon Crawl Stone Soup version 0.30-a0-852-g08b95dd62f (webtiles) character file.

Game seed: 13749354829344066788

621 oldriver the Skirmisher (level 8, -3/68 HPs)
             Began as a Meteoran Hunter on Mar 5, 2023.
             Was a Follower of Okawaru.
             Slain by a gnoll sergeant
             ... wielding a +0 trident of protection
              (7 damage)
             ... on level 7 of the Dungeon.
             The game lasted 00:14:18 (3058 turns).

oldriver the Skirmisher (Meteoran Hunter)           Turns: 3058, Time: 00:14:18

Health: -3/68      AC:  5    Str: 12    XL:     8   Next: 4%
Magic:  10/10      EV: 13    Int: 12    God:    Okawaru [*.....]
Gold:   215        SH:  0    Dex: 19    Spells: 7/7 levels left

rFire   . . .      SeeInvis .    f - +3 hand crossbow (drain)
rCold   . . .      Faith    +    (no shield)
rNeg    . . .      Spirit   .    c - +0 leather armour
rPois   .          Reflect  .    (no helmet)
rElec   .          Rampage  .    (no cloak)
rCorr   .                        j - +0 pair of gloves
Will    +....                    h - +0 pair of boots
Stlth   +                        t - amulet of faith
HPRegen 0.31/turn                (no ring)
MPRegen 0.12/turn                (no ring)

@: glowing
A: sense surroundings 1, otherworldly, glowing, explore regen
a: Renounce Religion, Heroism


You were on level 7 of the Dungeon.
You worshipped Okawaru.
Okawaru was aware of your devotion.
You visited 1 branch of the dungeon, and saw 7 of its levels.
You also visited: Ossuary.

You collected 215 gold pieces.

Inventory:

Hand Weapons
 f - a +3 hand crossbow of draining (weapon)
Missiles
 r - 9 poisoned darts
Armour
 c - a +0 leather armour (worn)
 e - a scarf of harm
 h - a +0 pair of boots (worn)
 j - a +0 pair of gloves (worn)
Jewellery
 t - an amulet of faith (around neck)
Wands
 o - a wand of digging (3)
 u - a wand of mindburst (23)
Scrolls
 a - 4 scrolls of identify
 b - 5 scrolls of immolation
 q - a scroll of fear
 s - 2 scrolls of noise
 v - 2 scrolls of teleportation {unknown}
Potions
 d - 2 potions of flight {unknown}
 g - 4 potions of curing
 i - 2 potions of might
 k - 3 potions of lignification {unknown}
 l - a potion of degeneration {unknown}
 m - 3 potions of brilliance {unknown}
 n - 2 potions of mutation {unknown}
 p - 3 potions of heal wounds {unknown}


   Skills:
 + Level 5.1 Fighting
 * Level 8.0 Ranged Weapons
 - Level 3.0 Dodging
 - Level 0.6 Stealth
 + Level 2.0 Invocations


You had 7 spell levels left.
You didn't know any spells.
Your spell library contained the following spells:

 Spells                   Type           Power      Damage    Failure   Level
 Blink                    Tloc           0%         N/A       54%         2
 Cigotuvi's Dreadful Rot  Necr/Pois/Air  0%         N/A       54%         2
 Cause Fear               Hex            0%         N/A       99%         4
 Dispel Undead            Necr           0%         3d6       99%         4
 Manifold Assault         Tloc           0%         N/A       99%         4
 Dragon Form              Tmut           0%         N/A       100%        7
 Storm Form               Tmut/Air       0%         N/A       100%        7
 Death Channel            Necr           Unusable   N/A       N/A         6
 Dragon's Call            Summ           Unusable   N/A       N/A         9

Dungeon Overview and Level Annotations

Branches:
Dungeon (7/15) Zot: 1590  Ossuary (visited)
 Temple: D:4-7

Altars:
Dithmenos
Elyvilon
Kikubaaqudgha
Okawaru
Ru
Sif Muna
Uskayaw
Wu Jian
Zin
The Shining One

Annotations:
D:5 1 runed translucent door, oldriver's ghost, novice MeHu


Innate Abilities, Weirdness & Mutations

You passively map a small area around you.
You are easily found by Zot.
You glow in the dark.
You regain HP and MP as you explore.


Message History

Fire: f) +3 hand crossbow (drain)
Press: ? - help, Shift-Dir - straight line, f/p - orc priest
Aim: an orc priest, wielding a +0 mace (71% to hit)
You shoot a bolt. The bolt hits the orc priest!
You kill the orc priest!
Okawaru accepts your kill. The gnoll barely misses you.
The orc wizard casts a spell.
The orc wizard flickers and vanishes!
Deactivating autopickup; reactivate with Ctrl-A.
Your Invocations skill increases to level 2!
You have reached level 8!
Fire: f) +3 hand crossbow (drain)
Press: ? - help, Shift-Dir - straight line, f - orc
Aim: an orc, wielding a +0 short sword (71% to hit)
You shoot a bolt. The bolt closely misses the orc.
The gnoll barely misses you. The orc hits you but does no damage.
The gnoll hits you but does no damage. The orc hits you with a +0 short sword.
Fire: f) +3 hand crossbow (drain)
Press: ? - help, Shift-Dir - straight line, f/p - orc
Aim: an orc, wielding a +0 short sword (71% to hit)
You shoot a bolt. The bolt hits the orc.
The orc is heavily wounded.
The gnoll misses you. The gnoll closely misses you. The orc barely misses you.
The gnoll sergeant hits you from afar with a +0 trident of protection!
Fire: f) +3 hand crossbow (drain)
Press: ? - help, Shift-Dir - straight line, f/p - orc
Aim: an orc, wielding a +0 short sword (heavily wounded, 71% to hit)
You shoot a bolt. The bolt hits the orc!
You kill the orc!
Okawaru accepts your kill. The gnoll completely misses you.
The gnoll hits you from afar with a +0 spear.
The gnoll sergeant hits you from afar with a +0 trident of protection!
* * * LOW HITPOINT WARNING * * *
The gnoll hits you from afar with a +0 spear!
* * * LOW HITPOINT WARNING * * *
The gnoll hits you but does no damage. The gnoll barely misses you.
The gnoll sergeant hits you from afar with a +0 trident of protection!
You die...

, * , * ,
## ##*
##.>##.##
*#.......#
, ,
........#
#...gg@#
*#...gg).#
#....)###
#..)..
##..## ###


You could see a gnoll sergeant and 3 gnolls.

Vanquished Creatures
  Menkaure (Ossuary)
  A phantom (D:6)
  2 hounds
  An orc priest (D:7)
  2 jellies (D:6)
  A sleepcap (D:6)
  An iguana (D:4)
  Natasha (D:3)
  3 mummies (Ossuary)
  7 adders
  2 dart slugs
  7 orcs
  6 endoplasms
  2 giant cockroaches
  3 gnoll zombies (Ossuary)
  3 goblins
  7 hobgoblins
  3 jackals (D:3)
  4 kobolds
  A quokka (D:1)
  4 ball pythons
  3 bats
  A frilled lizard (D:2)
  4 gnoll skeletons (Ossuary)
  4 goblin skeletons (Ossuary)
  6 goblin zombies (Ossuary)
  3 hobgoblin skeletons (Ossuary)
  2 hobgoblin zombies (Ossuary)
  7 kobold skeletons (Ossuary)
  4 kobold zombies (Ossuary)
  4 orc skeletons (Ossuary)
  4 orc zombies (Ossuary)
  2 quokka zombies (D:5)
  8 rats
  3 rat skeletons (Ossuary)
  6 rat zombies (Ossuary)
123 creatures vanquished.

Notes
Turn   | Place    | Note
-------+----------+-------------------------------------------
     0 | D:1      | oldriver the Meteoran Hunter began the quest for the Orb.
     0 | D:1      | Reached XP level 1. HP: 17/17 MP: 2/2
    63 | D:1      | Reached XP level 2. HP: 25/25 MP: 3/3
   254 | D:1      | Reached XP level 3. HP: 30/30 MP: 4/4
   328 | D:1      | Reached skill level 5 in Ranged Weapons
   486 | D:1      | Glimpsed the power of Zot.
   513 | D:2      | Identified a scroll of acquirement
   513 | D:2      | Acquired a +2 hand crossbow of draining
   591 | D:2      | Found an iron altar of Okawaru.
   597 | D:2      | Became a worshipper of Warmaster Okawaru
   968 | D:3      | Reached XP level 4. HP: 36/37 MP: 5/5
  1235 | D:3      | Noticed Natasha
  1243 | D:3      | Killed Natasha
  1244 | D:3      | Reached XP level 5. HP: 25/45 MP: 6/6
  1321 | D:3      | Reached skill level 6 in Ranged Weapons
  1522 | D:4      | Found an ornate altar of the Wu Jian Council.
  1522 | D:4      | Found an ancient bone altar of Kikubaaqudgha.
  1619 | D:5      | Entered Level 5 of the Dungeon
  1620 | D:5      | Found a runed translucent door.
  1620 | D:5      | Noticed a bullfrog
  1733 | D:5      | Found a white marble altar of Elyvilon.
  1733 | D:5      | Found a glowing silver altar of Zin.
  1733 | D:5      | Found a glowing golden altar of the Shining One.
  1739 | D:5      | Found a sand-covered staircase.
  1754 | Ossuary  | Entered an ossuary
  1816 | Ossuary  | Reached XP level 6. HP: 52/52 MP: 7/7
  2197 | Ossuary  | Noticed Menkaure
  2199 | Ossuary  | Killed Menkaure
  2199 | Ossuary  | Reached * piety under Okawaru
  2200 | Ossuary  | Reached skill level 7 in Ranged Weapons
  2204 | Ossuary  | Glimpsed the power of Zot.
  2205 | Ossuary  | Reached XP level 7. HP: 60/60 MP: 8/8
  2243 | Ossuary  | Glimpsed the power of Zot.
  2423 | D:5      | Noticed oldriver's ghost (novice MeHu)
  2511 | D:5      | Noticed a +0 hand axe
  2511 | D:5      | Noticed a +0 dagger
  2514 | D:5      | Found a shadowy altar of Dithmenos.
  2516 | D:5      | Found a hide-covered altar of Uskayaw.
  2720 | D:4      | Found a sacrificial altar of Ru.
  2720 | D:4      | Found a shimmering blue altar of Sif Muna.
  3019 | D:6      | Reached skill level 1 in Invocations
  3032 | D:6      | Noticed a steam dragon
  3046 | D:6      | Reached skill level 5 in Fighting
  3046 | D:6      | Reached skill level 8 in Ranged Weapons
  3056 | D:7      | Reached XP level 8. HP: 40/68 MP: 10/10
  3058 | D:7      | Slain by a gnoll sergeant

Illustrated notes

Levels and vault maps discovered:
D:1:      onia_arrival_mini_spirals, layout_basic
D:2:      layout_loops_cross, basic_altar
D:3:      layout_loops_corners, uniq_natasha
D:4:      layout_basic, nicolae_overflow_squiral,
          gammafunk_temple_overflow_wave, amcnicky_mini_corridor_feature
D:5:      layout_layer_cave, good_gods_mini_temple, dancing_weapons_uskayaw,
          lightli_temple_of_fire, nicolae_dithmenos_through_a_glass_darkly,
          ebering_ghost_sewer_d, enter_ossuary_4, minmay_misc_feat_rugged,
          nicolae_figureground_pulse
D:6:      layout_loops_ring, nicolae_underground_beach
D:7:      layout_cave_pods, okawaru_gym_becter, temple_fountains, enter_bailey_2

Skill      XL: |  1  2  3  4  5  6  7 |
---------------+----------------------+-----
Ranged Weapons | 5 6 7 8 |  8.0
Fighting       | 3 4 5 |  5.1
Dodging        | 3 |  3.0
Invocations    | 2 |  2.0
Stealth        | |  0.6

Action                     |  1- 3 |  4- 6 |  7- 9 || total
---------------------------+-------+-------+-------++-------
   Fire: Shortbow          |    48 |       |       ||    48
         Hand crossbow     |    17 |   118 |    56 ||   191
 Invoke: Heroism           |       |       |     1 ||     1
    Use: Scroll            |     4 |     2 |     1 ||     7
 Armour: Leather armour    |    14 |    10 |    14 ||    38
  Dodge: Dodged            |    16 |    15 |    26 ||    57

Table legend: (Time is in decaauts)
 A = Elapsed time spent in this place.
 B = Non-inter-level travel time spent in this place.
 C = Inter-level travel time spent in this place.
 D = Time resting spent in this place.
 E = Time spent auto-exploring this place.
 F = Levels seen in this place.
 G = Mean time per level.
                   A        B        C        D        E       F      G
               +--------+--------+--------+--------+--------+-----+--------+
         Total |   3188 |   2902 |    286 |    112 |    201 |   8 |  398.5 |
       Dungeon |   2608 |   2322 |    286 |      0 |      0 |   7 |  372.6 |
       Ossuary |    580 |    580 |      0 |    112 |    201 |   1 |  580.0 |
               +--------+--------+--------+--------+--------+-----+--------+

Top non-repeatable levels by time:
     D:3: 631 daAuts
 Ossuary: 580 daAuts
     D:5: 555 daAuts
     D:1: 515 daAuts
     D:4: 459 daAuts
     D:2: 317 daAuts
     D:6: 121 daAuts
     D:7: 6 daAuts
